[ AOE2 MATCH · #505888454 ]
UnrankedCumans vs Incas
Player's team · WIN
Rival team · LOSS
[ REPLAY ANALYSIS · EXTRACTED FROM THE RECORDED GAME ]
Feudal
10:36
Castle
22:48
Imperial
—
| APM avg | 38.8 |
| APM peak | 72 |
| eAPM avg | 21.9 |
| Villagers / military | 82 / 23 |
Focus
⚔️ 32.0% · 🌾 68.0%
Kipchak ×13 · Archer ×6 · Fishing Ship ×5 · Scout Cavalry ×3 · Steppe Lancer ×1
Feudal
10:13
Castle
23:43
Imperial
—
| APM avg | 39.4 |
| APM peak | 78 |
| eAPM avg | 19.9 |
| Villagers / military | 62 / 0 |
Focus
⚔️ 37.5% · 🌾 62.5%
Unknown (2550) ×20
Match map
Initial resources + every placement click. Lines = walls · curves = elevation contours. ◆ gold · ⬟ stone · ● berries · ✦ relic · ◌ wall gap
Your base· Open — unwalled flank
Hemingway's base· Open — unwalled flank
Smoothed initial terrain · ◌ = detected wall gap · hover for details
Inputs per minute
— KOF Bzazel - - Hemingway
Build order — KOF Bzazel
First 150 of 189 actions detected
| 0:03 | Build | House |
| 0:05 | Build | House |
| 0:06 | Queue | Villager (Male) |
| 0:06 | Queue | Villager (Male) |
| 0:06 | Queue | Villager (Male) |
| 0:07 | Queue | Villager (Male) |
| 0:07 | Queue | Villager (Male) |
| 0:07 | Queue | Villager (Male) |
| 1:39 | Queue | Villager (Male) |
| 1:40 | Queue | Villager (Male) |
| 2:03 | Queue | Villager (Male) |
| 2:04 | Queue | Villager (Male) |
| 2:11 | Build | House |
| 2:30 | Queue | Villager (Male) |
| 2:31 | Queue | Villager (Male) |
| 2:32 | Build | Lumber Camp |
| 2:52 | Queue | Villager (Male) |
| 3:10 | Queue | Villager (Male) |
| 3:11 | Queue | Villager (Male) |
| 3:27 | Queue | Villager (Male) |
| 3:27 | Queue | Villager (Male) |
| 3:32 | Build | House |
| 3:57 | Queue | Villager (Male) |
| 3:57 | Queue | Villager (Male) |
| 3:57 | Queue | Villager (Male) |
| 4:24 | Queue | Villager (Male) |
| 4:25 | Queue | Villager (Male) |
| 4:25 | Queue | Villager (Male) |
| 4:25 | Queue | Villager (Male) |
| 4:55 | Queue | Villager (Male) |
| 4:55 | Queue | Villager (Male) |
| 5:09 | Build | House |
| 5:18 | Build | Dock |
| 5:23 | Queue | Villager (Male) |
| 5:38 | Queue | Villager (Male) |
| 5:38 | Queue | Villager (Male) |
| 5:48 | Build | House |
| 6:08 | Queue | Villager (Male) |
| 6:15 | Build | Palisade Wall |
| 6:18 | Build | Palisade Wall |
| 6:23 | Build | Palisade Wall |
| 6:27 | Build | Palisade Wall |
| 6:29 | Build | Palisade Wall |
| 6:37 | Research | Loom |
| 6:40 | Queue | Fishing Ship |
| 7:03 | Queue | Villager (Male) |
| 7:03 | Queue | Villager (Male) |
| 7:19 | Queue | Fishing Ship |
| 8:01 | Queue | Fishing Ship |
| 8:18 | Research | Feudal Age |
| 8:18 | Research | Feudal Age |
| 8:53 | Build | Barracks |
| 9:44 | Build | House |
| 10:25 | Queue | Villager (Male) |
| 10:36 | Age | Feudal Age |
| 10:39 | Build | Stable |
| 10:45 | Build | Town Center |
| 10:49 | Queue | Villager (Male) |
| 10:50 | Queue | Villager (Male) |
| 11:01 | Queue | Fishing Ship |
| 11:06 | Queue | Villager (Male) |
| 11:09 | Build | House |
| 11:38 | Queue | Scout Cavalry |
| 11:38 | Queue | Scout Cavalry |
| 11:44 | Build | Mill |
| 11:46 | Queue | Villager (Male) |
| 11:47 | Queue | Villager (Male) |
| 12:23 | Queue | Scout Cavalry |
| 12:58 | Build | Farm |
| 12:58 | Build | Farm |
| 12:58 | Build | Farm |
| 12:58 | Build | Farm |
| 13:04 | Queue | Fishing Ship |
| 13:21 | Build | Archery Range |
| 13:30 | Build | Farm |
| 13:32 | Build | Farm |
| 13:35 | Queue | Villager (Male) |
| 13:35 | Queue | Villager (Male) |
| 13:35 | Queue | Villager (Male) |
| 13:56 | Queue | Villager (Male) |
| 13:56 | Queue | Villager (Male) |
| 13:56 | Queue | Villager (Male) |
| 14:06 | Build | Mining Camp |
| 14:14 | Queue | Archer |
| 14:14 | Queue | Archer |
| 14:17 | Build | Farm |
| 14:29 | Queue | Villager (Male) |
| 14:29 | Queue | Villager (Male) |
| 14:50 | Queue | Villager (Male) |
| 14:50 | Queue | Villager (Male) |
| 15:24 | Queue | Archer |
| 15:35 | Queue | Villager (Male) |
| 15:36 | Queue | Villager (Male) |
| 15:42 | Build | Watch Tower |
| 15:52 | Build | House |
| 15:53 | Build | House |
| 16:11 | Build | Farm |
| 16:29 | Queue | Villager (Male) |
| 16:30 | Queue | Villager (Male) |
| 16:31 | Queue | Archer |
| 16:42 | Build | Blacksmith |
| 16:51 | Queue | Archer |
| 17:03 | Queue | Villager (Male) |
| 17:03 | Queue | Villager (Male) |
| 17:08 | Build | House |
| 17:09 | Build | House |
| 17:15 | Build | House |
| 17:16 | Build | House |
| 17:25 | Research | Fletching |
| 17:39 | Queue | Villager (Male) |
| 17:40 | Queue | Villager (Male) |
| 17:49 | Build | Farm |
| 17:50 | Build | Farm |
| 17:57 | Queue | Archer |
| 18:09 | Build | House |
| 18:21 | Build | Farm |
| 18:26 | Build | House |
| 18:27 | Build | House |
| 18:34 | Queue | Villager (Male) |
| 18:35 | Queue | Villager (Male) |
| 18:55 | Build | Palisade Wall |
| 19:00 | Build | Market |
| 20:08 | Research | Castle Age |
| 20:09 | Research | Castle Age |
| 20:09 | Research | Castle Age |
| 20:35 | Build | House |
| 21:04 | Build | Watch Tower |
| 21:23 | Build | House |
| 22:06 | Build | House |
| 22:48 | Age | Castle Age |
| 22:58 | Build | Castle |
| 23:06 | Queue | Villager (Male) |
| 23:07 | Queue | Villager (Male) |
| 23:07 | Queue | Villager (Male) |
| 23:07 | Queue | Villager (Male) |
| 23:12 | Build | Town Center |
| 23:19 | Build | Farm |
| 23:21 | Build | Farm |
| 23:42 | Build | Stable |
| 23:53 | Build | Farm |
| 23:55 | Queue | Villager (Male) |
| 23:56 | Queue | Villager (Male) |
| 23:57 | Queue | Kipchak |
| 23:57 | Queue | Kipchak |
| 23:57 | Queue | Kipchak |
| 24:02 | Research | Bodkin Arrow |
| 24:02 | Research | Bodkin Arrow |
| 24:04 | Queue | Villager (Male) |
| 24:10 | Build | Farm |
| 24:10 | Build | Farm |
Build order — Hemingway
First 150 of 167 actions detected
| 0:01 | Queue | Villager (Male) |
| 0:01 | Queue | Villager (Male) |
| 0:02 | Queue | Villager (Male) |
| 0:02 | Build | House |
| 0:06 | Build | Barracks |
| 0:09 | Queue | Villager (Male) |
| 0:59 | Queue | Unit 2550 |
| 1:11 | Queue | Villager (Male) |
| 1:12 | Queue | Villager (Male) |
| 1:41 | Queue | Villager (Male) |
| 2:08 | Queue | Villager (Male) |
| 2:08 | Queue | Villager (Male) |
| 2:35 | Research | Loom |
| 2:52 | Build | House |
| 3:03 | Queue | Villager (Male) |
| 3:35 | Queue | Villager (Male) |
| 3:36 | Queue | Villager (Male) |
| 3:36 | Queue | Villager (Male) |
| 4:03 | Queue | Villager (Male) |
| 4:59 | Queue | Villager (Male) |
| 5:00 | Queue | Villager (Male) |
| 5:06 | Build | Settlement |
| 5:22 | Queue | Villager (Male) |
| 5:26 | Queue | Villager (Male) |
| 5:27 | Queue | Villager (Male) |
| 5:51 | Queue | Unit 2550 |
| 6:22 | Queue | Villager (Male) |
| 6:23 | Queue | Villager (Male) |
| 6:23 | Queue | Villager (Male) |
| 7:38 | Queue | Villager (Male) |
| 7:50 | Queue | Unit 2550 |
| 8:03 | Research | Feudal Age |
| 8:29 | Queue | Unit 2550 |
| 8:44 | Build | Settlement |
| 8:57 | Queue | Unit 2550 |
| 10:13 | Age | Feudal Age |
| 10:14 | Build | Settlement |
| 10:17 | Research | Tech 1402 |
| 10:30 | Queue | Villager (Male) |
| 10:30 | Queue | Villager (Male) |
| 10:49 | Build | Watch Tower |
| 11:01 | Queue | Unit 2550 |
| 11:02 | Queue | Unit 2550 |
| 11:17 | Queue | Villager (Male) |
| 11:27 | Queue | Villager (Male) |
| 11:35 | Queue | Villager (Male) |
| 11:48 | Research | Double-Bit Axe |
| 12:09 | Queue | Villager (Male) |
| 12:49 | Queue | Villager (Male) |
| 12:52 | Build | Palisade Wall |
| 12:54 | Queue | Villager (Male) |
| 12:55 | Queue | Unit 2550 |
| 13:02 | Build | Palisade Wall |
| 13:02 | Build | Palisade Wall |
| 13:03 | Build | Palisade Wall |
| 13:03 | Build | Palisade Wall |
| 13:03 | Build | Palisade Wall |
| 13:04 | Build | Palisade Wall |
| 13:04 | Build | Palisade Wall |
| 13:04 | Build | Palisade Wall |
| 13:05 | Build | Palisade Wall |
| 13:07 | Queue | Unit 2550 |
| 13:43 | Research | Arson |
| 13:46 | Queue | Villager (Male) |
| 13:48 | Build | Blacksmith |
| 14:00 | Build | Watch Tower |
| 14:06 | Queue | Villager (Male) |
| 14:10 | Queue | Unit 2550 |
| 14:14 | Build | Farm |
| 14:16 | Build | Farm |
| 14:18 | Build | Farm |
| 14:24 | Queue | Villager (Male) |
| 14:47 | Queue | Villager (Male) |
| 14:55 | Queue | Unit 2550 |
| 15:40 | Build | Watch Tower |
| 15:47 | Queue | Villager (Male) |
| 15:49 | Queue | Unit 2550 |
| 15:50 | Queue | Villager (Male) |
| 15:53 | Build | Farm |
| 15:54 | Build | Farm |
| 15:54 | Build | Farm |
| 15:54 | Build | Farm |
| 15:55 | Build | Farm |
| 15:55 | Build | Farm |
| 16:10 | Research | Fletching |
| 16:26 | Queue | Villager (Male) |
| 16:47 | Build | Farm |
| 16:47 | Build | Farm |
| 16:47 | Build | Farm |
| 16:47 | Build | Farm |
| 17:03 | Build | Watch Tower |
| 17:11 | Queue | Villager (Male) |
| 17:12 | Queue | Unit 2550 |
| 17:28 | Queue | Unit 2550 |
| 17:29 | Queue | Villager (Male) |
| 18:04 | Build | Watch Tower |
| 18:13 | Queue | Villager (Male) |
| 18:17 | Queue | Villager (Male) |
| 18:22 | Build | Farm |
| 18:22 | Build | Farm |
| 18:30 | Queue | Villager (Male) |
| 18:39 | Queue | Villager (Male) |
| 18:51 | Queue | Villager (Male) |
| 20:02 | Build | Watch Tower |
| 20:06 | Queue | Villager (Male) |
| 20:10 | Build | Market |
| 20:31 | Queue | Villager (Male) |
| 20:36 | Build | House |
| 20:37 | Build | Palisade Wall |
| 21:01 | Research | Castle Age |
| 21:01 | Research | Castle Age |
| 21:05 | Research | Scale Mail Armor |
| 21:31 | Queue | Unit 2550 |
| 21:53 | Build | Palisade Gate |
| 21:56 | Build | Palisade Wall |
| 21:58 | Queue | Villager (Male) |
| 22:00 | Build | Barracks |
| 22:10 | Research | Forging |
| 22:12 | Queue | Unit 2550 |
| 23:18 | Build | Watch Tower |
| 23:22 | Queue | Villager (Male) |
| 23:43 | Age | Castle Age |
| 23:44 | Research | Wheelbarrow |
| 23:47 | Build | Town Center |
| 24:03 | Build | Town Center |
| 24:10 | Queue | Villager (Male) |
| 24:10 | Queue | Villager (Male) |
| 24:34 | Queue | Unit 2550 |
| 24:35 | Research | Squires |
| 25:00 | Queue | Villager (Male) |
| 25:18 | Build | House |
| 25:19 | Build | House |
| 25:20 | Build | Palisade Wall |
| 25:25 | Queue | Villager (Male) |
| 25:29 | Build | Palisade Wall |
| 25:29 | Build | Palisade Wall |
| 25:29 | Build | Palisade Wall |
| 25:30 | Build | Palisade Wall |
| 25:30 | Build | Palisade Wall |
| 25:30 | Build | Palisade Wall |
| 25:31 | Build | Palisade Wall |
| 25:31 | Build | Palisade Wall |
| 25:45 | Research | Tech 1351 |
| 26:15 | Queue | Villager (Male) |
| 26:24 | Queue | Villager (Male) |
| 26:38 | Build | Watch Tower |
| 26:44 | Queue | Unit 2550 |
| 26:44 | Queue | Unit 2550 |
| 26:45 | Queue | Villager (Male) |
| 26:45 | Queue | Villager (Male) |
Match timeline
| 0:06 | Hemingway · first_building Barracks |
| 5:18 | KOF Bzazel · first_building Dock |
| 6:15 | KOF Bzazel · wall_segment Palisade Wall x1 |
| 6:18 | KOF Bzazel · wall_segment Palisade Wall x1 |
| 6:23 | KOF Bzazel · wall_segment Palisade Wall x1 |
| 6:27 | KOF Bzazel · wall_segment Palisade Wall x1 |
| 6:29 | KOF Bzazel · wall_segment Palisade Wall x1 |
| 8:53 | KOF Bzazel · first_building Barracks |
| 10:13 | Hemingway · age_up feudal |
| 10:36 | KOF Bzazel · age_up feudal |
| 10:39 | KOF Bzazel · first_building Stable |
| 12:52 | Hemingway · wall_segment Palisade Wall x1 |
| 13:02 | Hemingway · wall_segment Palisade Wall x2 |
| 13:02 | Hemingway · wall_segment Palisade Wall x1 |
| 13:03 | Hemingway · wall_segment Palisade Wall x2 |
| 13:03 | Hemingway · wall_segment Palisade Wall x1 |
| 13:03 | Hemingway · wall_segment Palisade Wall x2 |
| 13:04 | Hemingway · wall_segment Palisade Wall x1 |
| 13:04 | Hemingway · wall_segment Palisade Wall x2 |
| 13:04 | Hemingway · wall_segment Palisade Wall x1 |
| 13:05 | Hemingway · wall_segment Palisade Wall x1 |
| 13:21 | KOF Bzazel · first_building Archery Range |
| 18:55 | KOF Bzazel · wall_segment Palisade Wall x1 |
| 20:06 | KOF Bzazel · first_market_buy 100 food |
| 20:37 | Hemingway · wall_segment Palisade Wall x1 |
| 21:00 | Hemingway · first_market_buy 100 food |
| 21:56 | Hemingway · wall_segment Palisade Wall x3 |
| 22:48 | KOF Bzazel · age_up castle |
| 22:58 | KOF Bzazel · first_building Castle |
| 23:43 | Hemingway · age_up castle |
| 23:59 | Hemingway · first_market_sell 100 food |
| 25:20 | Hemingway · wall_segment Palisade Wall x1 |
| 25:29 | Hemingway · wall_segment Palisade Wall x1 |
| 25:29 | Hemingway · wall_segment Palisade Wall x1 |
| 25:29 | Hemingway · wall_segment Palisade Wall x2 |
| 25:30 | Hemingway · wall_segment Palisade Wall x1 |
| 25:30 | Hemingway · wall_segment Palisade Wall x2 |
| 25:30 | Hemingway · wall_segment Palisade Wall x1 |
| 25:31 | Hemingway · wall_segment Palisade Wall x1 |
| 25:31 | Hemingway · wall_segment Palisade Wall x1 |
| 27:02 | Hemingway · wall_segment Palisade Wall x25 |
| 27:23 | Hemingway · wall_segment Palisade Wall x7 |
| 27:25 | Hemingway · wall_segment Palisade Wall x1 |
| 27:30 | Hemingway · wall_segment Palisade Wall x1 |
| 27:31 | Hemingway · wall_segment Palisade Wall x8 |
| 27:42 | Hemingway · first_building Siege Workshop |
| 28:29 | Hemingway · resign |
[ AI ANALYSIS · 1 CREDIT ]
What really happened in this match?
Wolo.gg analyzes every decision: build order, eco, micro, common mistakes by bracket. Personalized analysis on WhatsApp or Discord in 30 seconds.
Civ guide
Cumans
Perfil
Jugador #6893607